 Dungeon Sprint DCSS version 0.17-a0-1760-ga6756ae (webtiles) character file.

23254 Kidiri the Tortoise (level 12, -4/116 HPs)
             Began as a Minotaur Fighter on Sept 3, 2015.
             Was a High Priest of Okawaru.
             Slain by a sun demon (17 damage)
             ... while paralysed by a great orb of eyes
             ... in the Dungeon (Sprint VII: "The Pits").
             The game lasted 00:23:28 (3162 turns).

Kidiri the Tortoise (Minotaur Fighter)              Turns: 3162, Time: 00:23:28

Health: -4/116     AC: 29    Str: 27    XL:     12   Next: 70%
Magic:  19/19      EV:  4    Int:  8    God:    Okawaru [*****.]
Gold:   32         SH:  0    Dex: 12    Spells: 0 memorised, 11 levels left

rFire  . . .     SeeInvis .     B - +1 morningstar of Wounding {pain, Int+3}
rCold  . . .     Clarity  .     g - +1 plate armour of Qebb {Slay+3}
rNeg   . . .     SustAt   .     c - +0 shield
rPois  +         Gourm    .     (helmet restricted)
rElec  .         Spirit   .     s - +0 cloak
rCorr  .         Warding  .     x - +0 pair of gloves
rMut   .         NoTele   +     (no boots)
MR     .....                    (no amulet)
Stlth  ..........               u - +3 ring of dexterity
                                F - ring of poison resistance

@: confused, paralysed, heroism, finesse, very slightly contaminated, not
resistant to hostile enchantments, extremely unstealthy
A: retaliatory headbutt, horns 2, repulsion field 1, iridescent scales 1
a: Heroism, Finesse, Renounce Religion


You were in the Dungeon.
You worshipped Okawaru.
Okawaru was extremely pleased with you.
You were not hungry.

You visited 1 branch You collected 32 gold pieces.

Inventory:

Hand weapons
 a - a +2 mace
 B - the +1 morningstar of Wounding (weapon) {pain, Int+3}
   (Okawaru gifted it to you in the Dungeon)

   In the hands of one skilled in necromantic magic, it inflicts extra damage on
   living creatures.
   It affects your intelligence (+3).
Armour
 c - a +0 shield (worn)
 g - the +1 plate armour of Qebb (worn) {Slay+3}
   (Okawaru gifted it to you in the Dungeon)

   It affects your accuracy and damage with ranged weapons and melee attacks
   (+3).
 s - a +0 cloak (worn)
 x - a +0 pair of gloves (worn)
Jewellery
 t - a +3 ring of evasion
 u - a +3 ring of dexterity (right hand)
 A - an uncursed ring of fire
 E - an uncursed ring of fire
 F - a ring of poison resistance (left hand)
Scrolls
 b - 3 scrolls of recharging
 k - a scroll of blinking
 o - 3 scrolls of remove curse
 p - 5 scrolls of amnesia
 q - a scroll of summoning
 y - 3 scrolls of identify
 D - 2 scrolls of enchant armour
Potions
 d - 2 potions of might
 f - 8 potions of curing
 h - 2 potions of haste
 i - 4 potions of magic
 j - 6 potions of berserk rage
 n - 2 potions of invisibility
 r - a potion of brilliance
 v - 3 potions of cure mutation
 w - 2 potions of agility
Comestibles
 e - 7 bread rations
 l - 40 fruits
 m - 8 meat rations


   Skills:
 + Level 13.6(18.6) Fighting
 * Level 18.0(23.0) Maces & Flails
 * Level 18.2(23.2) Armour
 + Level 12.2(17.2) Dodging
 * Level 18.1(23.1) Shields
 + Level 11.4 Invocations


You had 11 spell levels left.
You didn't know any spells.

Dungeon Overview and Level Annotations

Branches:
Dungeon (1/1)

Altars:
Ashenzari
Cheibriados
Dithmenos
Elyvilon
Fedhas
Gozag
Kikubaaqudgha
Makhleb
Nemelex Xobeh
Okawaru
Qazlal
Ru
Sif Muna
Trog
Vehumet
Xom
Yredelemnul
Zin
The Shining One
Beogh
Jiyva
Lugonu


Innate Abilities, Weirdness & Mutations

You reflexively headbutt those who attack you in melee.
You have a pair of horns on your head.
You are surrounded by a mild repulsion field (EV +2).
You are partially covered in iridescent scales (AC +4).


Message History

You are very lightly contaminated with residual magic.
As you read the scroll of blinking, it crumbles to dust.
Read which item? (? for menu, Esc to quit)
As you read the scroll of fog, it crumbles to dust.
The scroll dissolves into smoke.
Drink which item? (? for menu, Esc to quit)
Okay, then.
You thump the wraith!
You destroy the wraith!
Okawaru accepts your kill.
Unknown command.
Unknown command.
The great orb of eyes gazes at you.
You are confused.
The great orb of eyes gazes at you.
You suddenly lose the ability to move!
The sun demon hits you!
* * * LOW HITPOINT WARNING * * *
You are engulfed in flames!
You die...

######################
#...3@...............'
#..DG................'
#..################..#
#p.# #.# #5#..# #..#
#E# #3##..# #..# #=#
#E# #..# #.W# #S# #s#
#..# #.G# #r#D# #..#
#.ยง#########3######..#


You could see a great orb of eyes, a sun demon, a wizard and a steam dragon.

Vanquished Creatures
  Arachne (D)
  A greater naga (D)
  A spriggan defender (D)
  A deep elf demonologist (D)
  A great orb of eyes (D)
  A hydra (D)
  A death knight (D)
  A merfolk aquamancer (D)
  A death yak (D)
  A sun demon (D)
  A spriggan (D)
  3 deep trolls (D)
  A sea snake (D)
  A phantasmal warrior (D)
  A swamp dragon (D)
  A hill giant (D)
  A lindwurm (D)
  An orc knight (D)
  A necromancer (D)
  A hornet (D)
  A griffon (D)
  An orc sorcerer (D)
  2 black mambas (D)
  Maurice (D)
  An eye of devastation (D)
  A smoke demon (D)
  A komodo dragon (D)
  A troll (D)
  A bog body (D)
  2 snapping turtles (D)
  A polar bear (D)
  5 blink frogs (D)
  A boulder beetle (D)
  A two-headed ogre (D)
  Sigmund (D)
  A wyvern (D)
  2 fire bats (D)
  A wraith (D)
  A redback (D)
  A water elemental (D)
  A fire elemental (D)
  A steam dragon (D)
  A basilisk (D)
  A small abomination (D)
  A wolf (D)
  2 sky beasts (D)
  An eye of draining (D)
  3 orc warriors (D)
  A black bear (D)
  A wasp (D)
  2 centaurs (D)
  A big kobold (D)
  3 brain worms (D)
  An earth elemental (D)
  3 wights (D)
  A crimson imp (D)
  2 quasits (D)
  An orc wizard (D)
  A hound (D)
  An iguana (D)
  An iron imp (D)
  A gnoll (D)
  A white imp (D)
  A river rat (D)
  An ufetubus (D)
  An adder zombie (D)
  6 orcs (D)
  A bat skeleton (D)
  A goblin (D)
  2 ball pythons (D)
  A ball python zombie (D)
  2 giant geckos (D)
  A jackal zombie (D)
  A rat (D)
99 creatures vanquished.

Vanquished Creatures (others)
  A white imp (D)
1 creature vanquished.

Grand Total: 100 creatures vanquished

Notes
Turn   | Place    | Note
--------------------------------------------------------------
     0 | D        | Kidiri the Minotaur Fighter began the quest for the Orb.
     0 | D        | Reached XP level 1. HP: 19/19 MP: 0/0
    32 | D        | Reached skill level 4 in Shields
    66 | D        | Found a sacrificial altar of Ru.
    66 | D        | Found a basalt altar of Yredelemnul.
    66 | D        | Found a shadowy altar of Dithmenos.
    66 | D        | Found a deep blue altar of Sif Muna.
    66 | D        | Found a burning altar of Makhleb.
    66 | D        | Found a shimmering altar of Xom.
    66 | D        | Found an ancient bone altar of Kikubaaqudgha.
    66 | D        | Found a sparkling altar of Nemelex Xobeh.
    67 | D        | Found a glowing golden altar of the Shining One.
    67 | D        | Found a bloodstained altar of Trog.
    67 | D        | Found a shattered altar of Ashenzari.
    67 | D        | Found a white marble altar of Elyvilon.
    67 | D        | Found a snail-covered altar of Cheibriados.
    67 | D        | Found a blossoming altar of Fedhas.
    67 | D        | Found a radiant altar of Vehumet.
    67 | D        | Found a glowing silver altar of Zin.
    67 | D        | Found a corrupted altar of Lugonu.
    67 | D        | Found a viscous altar of Jiyva.
    67 | D        | Found a roughly hewn altar of Beogh.
    67 | D        | Found an iron altar of Okawaru.
    73 | D        | Found a stormy altar of Qazlal.
    74 | D        | Found an opulent altar of Gozag.
    76 | D        | Became a worshipper of Warmaster Okawaru
    92 | D        | Noticed a brain worm
    99 | D        | Killed a brain worm
    99 | D        | Acquired Okawaru's first power
    99 | D        | Reached skill level 5 in Armour
    99 | D        | Reached skill level 5 in Shields
    99 | D        | Reached XP level 2. HP: 16/28 MP: 0/2
    99 | D        | Reached XP level 3. HP: 19/34 MP: 0/3
   261 | D        | Reached skill level 5 in Maces & Flails
   261 | D        | Reached XP level 4. HP: 41/41 MP: 4/4
   272 | D        | Noticed a quasit
   272 | D        | Noticed a brain worm
   276 | D        | Killed a quasit
   276 | D        | Reached skill level 5 in Fighting
   276 | D        | Reached skill level 6 in Armour
   279 | D        | Killed a brain worm
   279 | D        | Reached skill level 7 in Armour
   279 | D        | Reached XP level 5. HP: 36/48 MP: 4/6
   400 | D        | Noticed a centaur
   400 | D        | Noticed a wight
   400 | D        | Noticed a wight
   401 | D        | Noticed a big kobold
   401 | D        | Noticed Sigmund
   401 | D        | Noticed a wight
   401 | D        | Noticed an orc warrior
   403 | D        | Noticed an orc wizard
   406 | D        | Killed a wight
   413 | D        | Killed a wight
   425 | D        | Killed a big kobold
   425 | D        | Reached skill level 8 in Maces & Flails
   425 | D        | Reached XP level 6. HP: 26/58 MP: 6/8
   439 | D        | Killed an orc warrior
   439 | D        | Reached skill level 9 in Armour
   441 | D        | Killed an orc wizard
   441 | D        | Reached skill level 5 in Dodging
   447 | D        | Killed Sigmund
   450 | D        | Killed a centaur
   450 | D        | Reached XP level 7. HP: 18/66 MP: 9/9
   460 | D        | Killed a wight
   460 | D        | Reached skill level 5 in Invocations
   577 | D        | Noticed a troll
   598 | D        | Killed a troll
   598 | D        | Reached skill level 10 in Maces & Flails
   598 | D        | Reached skill level 10 in Armour
   598 | D        | Reached skill level 10 in Shields
   754 | D        | Noticed a sky beast
   754 | D        | Noticed an iguana
   754 | D        | Noticed a hound
   757 | D        | Killed a hound
   763 | D        | Killed an iguana
   766 | D        | Killed a sky beast
   766 | D        | Reached XP level 8. HP: 74/74 MP: 9/11
   781 | D        | Noticed a boulder beetle
   781 | D        | Noticed Maurice
   791 | D        | Killed Maurice
   819 | D        | Killed a boulder beetle
   819 | D        | Reached skill level 11 in Maces & Flails
  1051 | D        | Noticed a brain worm
  1053 | D        | Noticed a wyvern
  1053 | D        | Lost intelligence.
  1060 | D        | Killed a brain worm
  1061 | D        | Noticed a lindwurm
  1066 | D        | Killed a wyvern
  1077 | D        | Killed a lindwurm
  1077 | D        | Reached skill level 12 in Armour
  1077 | D        | Reached XP level 9. HP: 43/83 MP: 11/13
  1250 | D        | Noticed a basilisk
  1250 | D        | Noticed a fire bat
  1250 | D        | Noticed a redback
  1250 | D        | Noticed a fire elemental
  1263 | D        | Killed a fire bat
  1267 | D        | Killed a redback
  1270 | D        | Killed a fire elemental
  1273 | D        | Killed a basilisk
  1288 | D        | Noticed an earth elemental
  1289 | D        | Noticed a steam dragon
  1289 | D        | Noticed a quasit
  1289 | D        | Noticed a black bear
  1297 | D        | Killed a steam dragon
  1301 | D        | Killed a black bear
  1311 | D        | Killed an earth elemental
  1314 | D        | Killed a quasit
  1396 | D        | Noticed a wolf
  1396 | D        | Noticed a five-headed hydra
  1398 | D        | Noticed a griffon
  1413 | D        | Killed a five-headed hydra
  1413 | D        | Acquired Okawaru's second power
  1413 | D        | Reached skill level 13 in Maces & Flails
  1424 | D        | Killed a griffon
  1424 | D        | Reached skill level 10 in Fighting
  1424 | D        | Reached XP level 10. HP: 72/93 MP: 14/14
  1427 | D        | Killed a wolf
  1517 | D        | Noticed a necromancer
  1519 | D        | Noticed a two-headed ogre
  1520 | D        | Noticed a small abomination
  1529 | D        | Killed a necromancer
  1529 | D        | Received a gift from Okawaru
  1530 | D        | Got a dazzling animal skin {god gift}
  1534 | D        | Killed a small abomination
  1541 | D        | Killed a two-headed ogre
  1552 | D        | Identified the +1 animal skin "Oklik" {rPois Int-4 Dex+3 Stlth+} (Okawaru gifted it to you in the Dungeon)
  1586 | D        | Noticed a snapping turtle
  1610 | D        | Killed a snapping turtle
  1620 | D        | Noticed a crimson imp
  1621 | D        | Noticed a smoke demon
  1633 | D        | Killed a smoke demon
  1633 | D        | Reached skill level 14 in Armour
  1634 | D        | Killed a crimson imp
  1821 | D        | Noticed a centaur
  1821 | D        | Noticed a snapping turtle
  1827 | D        | Killed a centaur
  1856 | D        | Killed a snapping turtle
  1880 | D        | Noticed a sea snake
  1880 | D        | Noticed a blink frog
  1880 | D        | Noticed a blink frog
  1880 | D        | Noticed a blink frog
  1880 | D        | Noticed a sky beast
  1880 | D        | Noticed an iron imp
  1880 | D        | Noticed an orc warrior
  1880 | D        | Noticed a phantasmal warrior
  1881 | D        | Noticed a black mamba
  1881 | D        | Noticed a swamp dragon
  1881 | D        | Noticed a blink frog
  1881 | D        | Noticed a blink frog
  1881 | D        | Noticed a fire bat
  1882 | D        | Noticed a komodo dragon
  1883 | D        | Noticed an orc knight
  1885 | D        | Noticed an orc warrior
  1885 | D        | Noticed an orc sorcerer
  1886 | D        | Killed a fire bat
  1888 | D        | Noticed an eye of devastation
  1892 | D        | Noticed a sun demon
  1895 | D        | Killed a blink frog
  1897 | D        | Noticed a rust devil
  1906 | D        | Killed a sea snake
  1910 | D        | Killed a black mamba
  1928 | D        | Killed a phantasmal warrior
  1929 | D        | Killed a blink frog
  1937 | D        | Killed a swamp dragon
  1937 | D        | Reached skill level 15 in Armour
  1937 | D        | Reached skill level 15 in Shields
  1937 | D        | Reached XP level 11. HP: 37/102 MP: 9/16
  1945 | D        | Killed an orc sorcerer
  1967 | D        | Killed an iron imp
  1974 | D        | Killed an orc knight
  1974 | D        | Reached skill level 15 in Maces & Flails
  1974 | D        | Reached skill level 10 in Dodging
  1984 | D        | Killed an orc warrior
  1987 | D        | Killed an orc warrior
  1993 | D        | Killed a komodo dragon
  2005 | D        | Killed a sky beast
  2011 | D        | Killed a blink frog
  2027 | D        | Killed a blink frog
  2037 | D        | Killed a blink frog
  2038 | D        | Killed an eye of devastation
  2038 | D        | Received a gift from Okawaru
  2075 | D        | Got a bloodstained plate armour {god gift}
  2086 | D        | Identified the +1 plate armour of Qebb {Slay+3} (Okawaru gifted it to you in the Dungeon)
  2099 | D        | Gained mutation: You are surrounded by a mild repulsion field (EV +2). [mutagenic meat]
  2100 | D        | Gained mutation: You are partially covered in iridescent scales (AC +4). [mutagenic meat]
  2395 | D        | Noticed a hornet
  2395 | D        | Noticed a death yak
  2405 | D        | Killed a hornet
  2413 | D        | Killed a death yak
  2423 | D        | Noticed an eye of draining
  2423 | D        | Noticed Arachne
  2423 | D        | Noticed a deep troll
  2456 | D        | Killed Arachne
  2456 | D        | Reached skill level 16 in Maces & Flails
  2456 | D        | Reached skill level 10 in Invocations
  2466 | D        | Killed a deep troll
  2468 | D        | Killed an eye of draining
  2710 | D        | Noticed a bog body
  2714 | D        | Noticed a death knight
  2720 | D        | Killed a bog body
  2736 | D        | Noticed a phantasmal warrior
  2737 | D        | Killed a death knight
  2782 | D        | Noticed a great orb of eyes
  2784 | D        | Noticed a hill giant
  2793 | D        | Killed a great orb of eyes
  2793 | D        | Reached XP level 12. HP: 111/113 MP: 18/18
  2803 | D        | Killed a hill giant
  2803 | D        | Reached skill level 17 in Armour
  2817 | D        | Noticed a black mamba
  2817 | D        | Noticed a spriggan rider
  2817 | D        | Noticed a deep troll
  2821 | D        | Killed a black mamba
  2831 | D        | Killed a spriggan rider
  2831 | D        | Killed a wasp
  2840 | D        | Killed a deep troll
  3067 | D        | Noticed a redback
  3067 | D        | Noticed a spriggan defender
  3067 | D        | Noticed a sun demon
  3067 | D        | Noticed a merfolk aquamancer
  3067 | D        | Noticed a water elemental
  3067 | D        | Noticed a water elemental
  3067 | D        | Noticed a porcupine
  3067 | D        | Noticed a deep elf demonologist
  3067 | D        | Noticed a centaur
  3067 | D        | Noticed a polar bear
  3067 | D        | Noticed a greater naga
  3071 | D        | Noticed a steam dragon
  3071 | D        | Noticed a water elemental
  3074 | D        | Killed a deep elf demonologist
  3074 | D        | Received a gift from Okawaru
  3075 | D        | Got a smoking morningstar {god gift}
  3076 | D        | Noticed an elephant
  3076 | D        | Noticed a water elemental
  3076 | D        | Noticed a deep troll
  3077 | D        | Identified the +1 morningstar of Wounding {pain, Int+3} (Okawaru gifted it to you in the Dungeon)
  3083 | D        | Killed a merfolk aquamancer
  3086 | D        | Killed a water elemental
  3089 | D        | Killed a deep troll
  3090 | D        | Noticed a guardian serpent
  3100 | D        | Killed a greater naga
  3110 | D        | Killed a spriggan defender
  3110 | D        | Reached skill level 18 in Armour
  3113 | D        | Noticed a sun demon
  3114 | D        | Noticed a wizard
  3116 | D        | Killed a sun demon
  3123 | D        | Killed a polar bear
  3126 | D        | Noticed a great orb of eyes
  3129 | D        | Noticed a wraith
  3135 | D        | Noticed a neqoxec
  3159 | D        | Killed a wraith
  3161 | D        | Paralysed by a great orb of eyes for 4 turns
  3162 | D        | Slain by a sun demon

Vault maps used:
D:        pitsprint

Action                   |  1- 3 |  4- 6 |  7- 9 | 10-12 || total
-------------------------+-------+-------+-------+-------++-------
Melee: Mace              |     7 |    52 |   154 |   354 ||   567
       Flail             |     3 |       |       |       ||     3
       Morningstar       |       |       |       |    53 ||    53
Invok: Heroism           |       |     1 |     5 |     7 ||    13
       Finesse           |       |       |       |     4 ||     4
  Use: Potion            |       |     1 |     3 |    10 ||    14
       Scroll            |       |       |       |     2 ||     2
  Eat: Chunk             |       |       |     2 |     5 ||     7
       Bread ration      |       |       |       |     1 ||     1
